[Event "GambitGuide"]
[Site "Internet Chess Club"]
[Date "2014.10.31"]
[Round "1"]
[White "JSBach"]
[Black "almoehi"]
[Result "1-0"]
[ICCResult "Black resigns"]
[WhiteElo "1604"]
[BlackElo "1458"]
[Opening "Vienna: `Frankenstein-Dracula' variation"]
[ECO "C27"]
[NIC "VG.02"]
[Time "07:38:57"]
[TimeControl "120+12"]

1. e4 e5 2. Nc3 Nf6 3. Bc4 Nxe4 4. Qh5 Nd6 5. Bb3 Nc6 6. Nb5 g6 7. Qf3 f5 8.
Qd5 Qe7 9. Nxc7+ Kd8 10. Nxa8 b6 11. d3 Na5 12. Nf3 Bb7 13. Bg5 Bxd5 14.
Bxd5 Qxg5 15. Nxg5 Be7 16. Nf3 Kc8 17. Nxe5 Kb8 18. Nxd7+ Kc8 19. Ne5 Re8
20. d4 Bf6 21. f4 Ne4 22. c4 Bxe5 23. fxe5 g5 24. g4 {Black resigns} 1-0

[Event "GambitGuide"]
[Site "Internet Chess Club"]
[Date "2014.10.31"]
[Round "1"]
[White "JSBach"]
[Black "snapper"]
[Result "1-0"]
[ICCResult "Black resigns"]
[WhiteElo "1604"]
[BlackElo "1504"]
[Opening "Vienna: `Frankenstein-Dracula' variation"]
[ECO "C27"]
[NIC "VG.02"]
[Time "07:41:12"]
[TimeControl "120+12"]

1. e4 e5 2. Nc3 Nf6 3. Bc4 Nxe4 4. Qh5 Nd6 5. Bb3 Nc6 6. Nb5 g6 7. Qf3 f5 8.
Qd5 Qe7 9. Nxc7+ Kd8 10. Nxa8 b6 11. d3 Bb7 12. Nxb6 axb6 13. Qf3 Na5 14.
Qh3 Nxb3 15. axb3 {Black resigns} 1-0

[Event "GambitGuide"]
[Site "Internet Chess Club"]
[Date "2014.10.31"]
[Round "1"]
[White "JSBach"]
[Black "Fifo25"]
[Result "0-1"]
[ICCResult "White checkmated"]
[WhiteElo "1579"]
[BlackElo "1509"]
[Opening "Vienna: `Frankenstein-Dracula' variation"]
[ECO "C27"]
[NIC "VG.02"]
[Time "07:38:22"]
[TimeControl "120+12"]

1. e4 e5 2. Nc3 Nf6 3. Bc4 Nxe4 4. Qh5 Nd6 5. Bb3 Nc6 6. Nb5 g6 7. Qf3 f5 8.
Qd5 Qe7 9. Nxc7+ Kd8 10. Nxa8 b6 11. d3 Bb7 12. Nxb6 axb6 13. Qf3 Nd4 14.
Qg3 f4 15. Qh3 Qg5 16. f3 N6f5 17. Ba4 b5 18. Bb3 Bc5 19. Bd2 Nh4 20. Ba5+
Kc8 21. Kf1 Nhf5 22. Bd2 Kc7 23. Ke1 d6 24. Ba5+ Kb8 25. Bc3 Bc8 26. Qg4 Qf6
27. a3 Ne3 28. Bxd4 Bxg4 29. Bxc5 dxc5 30. fxg4 Qh4+ 31. g3 Qxg4 32. a4 b4
33. Ne2 f3 34. h3 Ng2+ 35. Kf2 Qg5 36. Kxf3 Ne3 37. h4 Rf8+ 38. Ke4 Qh6 39.
Rhe1 Nf5 40. Kd5 Qg7 41. Kxc5 Rc8+ 42. Kxb4 Qe7+ 43. Ka5 Qc5+ 44. Ka6 Rc6#
{White checkmated}
0-1

[Event "GambitGuide"]
[Site "Internet Chess Club"]
[Date "2014.10.31"]
[Round "1"]
[White "JSBach"]
[Black "almoehi"]
[Result "1-0"]
[ICCResult "Black resigns"]
[WhiteElo "1579"]
[BlackElo "1458"]
[Opening "Vienna: `Frankenstein-Dracula' variation"]
[ECO "C27"]
[NIC "VG.02"]
[Time "07:42:01"]
[TimeControl "120+12"]

1. e4 e5 2. Nc3 Nf6 3. Bc4 Nxe4 4. Qh5 Nd6 5. Bb3 Nc6 6. Nb5 g6 7. Qf3 f5 8.
Qd5 Qe7 9. Nxc7+ Kd8 10. Nxa8 b6 11. d3 Bg7 12. Nh3 e4 13. Bg5 Bf6 14. Bxf6
Qxf6 15. dxe4 Re8 16. O-O-O Nxe4 17. Rhe1 Na5 18. f3 Nxb3+ 19. axb3
{Black resigns}
1-0

[Event "GambitGuide"]
[Site "Internet Chess Club"]
[Date "2014.10.31"]
[Round "1"]
[White "JSBach"]
[Black "Balano"]
[Result "1-0"]
[ICCResult "Black resigns"]
[WhiteElo "1566"]
[BlackElo "1299"]
[Opening "Vienna: `Frankenstein-Dracula' variation"]
[ECO "C27"]
[NIC "VG.02"]
[Time "07:43:02"]
[TimeControl "120+12"]

1. e4 e5 2. Nc3 Nf6 3. Bc4 Nxe4 4. Qh5 Nd6 5. Bb3 Nc6 6. Nb5 g6 7. Qf3 f5 8.
Qd5 Qe7 9. Nxc7+ Kd8 10. Nxa8 b6 11. d3 Nb4 12. Qf3 Bb7 13. Qe3 Bxg2 14. a3
Nc6 15. Bd5 Bxd5 16. f3 Nd4 17. Qf2 Bxa8 18. Be3 Nc6 19. O-O-O Bg7 20. Re1
Nb5 21. a4 Na3 22. Bd2 Nd4 23. bxa3 Qxa3+ 24. Kb1 Bd5 25. Bg5+ Ke8 26. c3
Qb3+ 27. Qb2 Qxb2+ 28. Kxb2 Nxf3 29. Nxf3 Bxf3 30. Rhf1 Bc6 31. Bf4 d6 32.
Kb3 Kf7 33. Bc1 Rb8 34. Be3 a6 35. h4 b5 36. a5 d5 37. Ba7 Rb7 38. Bc5 d4
39. cxd4 exd4 40. Rf4 Rd7 41. h5 Bd5+ 42. Kb4 Bg2 43. Re2 Bh3 44. Rh4 Bg4
45. hxg6+ hxg6 46. Re1 Bf6 47. Rh2 Be7 48. Rh7+ Kf6 49. Bxe7+ {Black
resigns} 1-0

[Event "GambitGuide"]
[Site "Internet Chess Club"]
[Date "2014.10.31"]
[Round "1"]
[White "JSBach"]
[Black "almoehi"]
[Result "1/2-1/2"]
[ICCResult "Game drawn because neither player has mating material"]
[WhiteElo "1580"]
[BlackElo "1458"]
[Opening "Vienna: `Frankenstein-Dracula' variation"]
[ECO "C27"]
[NIC "VG.02"]
[Time "07:44:08"]
[TimeControl "120+12"]

1. e4 e5 2. Nc3 Nf6 3. Bc4 Nxe4 4. Qh5 Nd6 5. Bb3 Nc6 6. Nb5 g6 7. Qf3 f5 8.
Qd5 Qe7 9. Nxc7+ Kd8 10. Nxa8 b6 11. d3 e4 12. dxe4 Qxe4+ 13. Qxe4 Nxe4 14.
f3 Nc5 15. Bd5 Bb7 16. Bg5+ Kc8 17. Bf6 Nb4 18. Bxb7+ Kxb7 19. Kd1 Rg8 20.
c3 Nd5 21. Nxb6 axb6 22. Bd4 Na4 23. c4 Nf4 24. b3 Bc5 25. Ne2 Nxe2 26. Kxe2
Bxd4 27. bxa4 Bxa1 28. Rxa1 Re8+ 29. Kf2 Kc6 30. Rb1 Ra8 31. Rb4 Kc5 32. a3
Re8 33. Rb5+ Kxc4 34. Rxb6 d5 35. Rb7 d4 36. Rc7+ Kb3 37. a5 d3 38. Rd7 Kc2
39. Rxh7 d2 40. Rc7+ Kb3 41. Rd7 Kc2 42. Rc7+ Kd1 43. f4 Ra8 44. Rc5 Ra6 45.
a4 Re6 46. Re5 Rd6 47. Ke3 Ke1 48. Kf3+ Kf1 49. Kg3 d1=Q 50. h3 Qe1+ 51.
Rxe1+ Kxe1 52. h4 Ra6 53. h5 gxh5 54. Kh4 Rxa5 55. g3 Rxa4 56. Kxh5 Kf2 57.
g4 fxg4 58. Kxg4 Re4 59. Kg5 Kf3 60. f5 Rg4+ 61. Kf6 Kf4 62. Ke6 Rg8 63. f6
Rf8 64. Ke7 Rxf6 65. Kxf6
{Game drawn because neither player has mating material}
1/2-1/2

[Event "GambitGuide"]
[Site "Internet Chess Club"]
[Date "2014.10.31"]
[Round "1"]
[White "JSBach"]
[Black "Dabulvm"]
[Result "1-0"]
[ICCResult "Black resigns"]
[WhiteElo "1580"]
[BlackElo "1703"]
[Opening "Vienna: `Frankenstein-Dracula' variation"]
[ECO "C27"]
[NIC "VG.02"]
[Time "07:49:04"]
[TimeControl "120+12"]

1. e4 e5 2. Nc3 Nf6 3. Bc4 Nxe4 4. Qh5 Nd6 5. Bb3 Nc6 6. Nb5 g6 7. Qf3 f5 8.
Qd5 Qe7 9. Nxc7+ Kd8 10. Nxa8 b6 11. d3 Bg7 12. Nh3 h6 13. Ba4 Bb7 14. Nxb6
axb6 15. Qb3 Kc7 16. O-O Ra8 17. Re1 Nd4 18. Qb4 b5 19. Qxd4 bxa4 20. Qc5+
Bc6 21. Bf4 Nc8 22. Bxe5+ d6 23. Bf4 Kb7 24. Qb4+ Nb6 25. Rxe7+ Ka6 26. Rxg7
Nd5 27. Qxd6 Kb6 28. Rxg6 Rc8 29. Qxd5 {Black resigns} 1-0

[Event "GambitGuide"]
[Site "Internet Chess Club"]
[Date "2014.10.31"]
[Round "1"]
[White "JSBach"]
[Black "Horizonteffekt"]
[Result "1-0"]
[ICCResult "Black resigns"]
[WhiteElo "1580"]
[BlackElo "1400"]
[Opening "Vienna: `Frankenstein-Dracula' variation"]
[ECO "C27"]
[NIC "VG.02"]
[Time "07:48:13"]
[TimeControl "120+12"]

1. e4 e5 2. Nc3 Nf6 3. Bc4 Nxe4 4. Qh5 Nd6 5. Bb3 Nc6 6. Nb5 g6 7. Qf3 f5 8.
Qd5 Qe7 9. Nxc7+ Kd8 10. Nxa8 b6 11. d3 Bb7 12. Nxb6 axb6 13. Qf3 Nd4 14.
Qh3 Bg7 15. Be3 Kc7 16. Rc1 h5 17. a3 Re8 18. Bd2 e4 19. Kf1 Ba6 20. Qg3 Kb7
21. Bd5+ Ka7 22. Bb4 Be5 23. Qe3 Nxc2 24. Rxc2 exd3 25. Rc7+ Kb8 26. Qxb6+
{Black resigns}
1-0

[Event "GambitGuide"]
[Site "Internet Chess Club"]
[Date "2014.10.31"]
[Round "1"]
[White "JSBach"]
[Black "almoehi"]
[Result "1-0"]
[ICCResult "Black resigns"]
[WhiteElo "1580"]
[BlackElo "1458"]
[Opening "Vienna: `Frankenstein-Dracula' variation"]
[ECO "C27"]
[NIC "VG.02"]
[Time "07:49:53"]
[TimeControl "120+12"]

1. e4 e5 2. Nc3 Nf6 3. Bc4 Nxe4 4. Qh5 Nd6 5. Bb3 Nc6 6. Nb5 g6 7. Qf3 f5 8.
Qd5 Qe7 9. Nxc7+ Kd8 10. Nxa8 b6 11. d3 e4 12. dxe4 Qxe4+ 13. Qxe4 Nxe4 14.
f3 Nc5 15. Bd5 Bb7 16. Bg5+ Kc8 17. Bf6 Bxa8 18. Bxh8 {Black resigns} 1-0

[Event "GambitGuide"]
[Site "Internet Chess Club"]
[Date "2014.10.31"]
[Round "1"]
[White "JSBach"]
[Black "Horizonteffekt"]
[Result "1-0"]
[ICCResult "Black resigns"]
[WhiteElo "1571"]
[BlackElo "1400"]
[Opening "Vienna: `Frankenstein-Dracula' variation"]
[ECO "C27"]
[NIC "VG.02"]
[Time "07:50:30"]
[TimeControl "120+12"]

1. e4 e5 2. Nc3 Nf6 3. Bc4 Nxe4 4. Qh5 Nd6 5. Bb3 Nc6 6. Nb5 g6 7. Qf3 f5 8.
Qd5 Qe7 9. Nxc7+ Kd8 10. Nxa8 b6 11. d3 Bb7 12. Nxb6 axb6 13. Qf3 Bg7 14.
Be3 e4 15. dxe4 Nxe4 16. Bxb6+ Kc8 17. Qe3 Qb4+ 18. c3 Qb5 19. f3 Re8 20.
O-O-O Nd6 21. Qc5 Qxc5 22. Bxc5 Nb5 23. Bf7 {Black resigns} 1-0

[Event "GambitGuide"]
[Site "Internet Chess Club"]
[Date "2014.10.31"]
[Round "1"]
[White "JSBach"]
[Black "Dabulvm"]
[Result "1-0"]
[ICCResult "Black checkmated"]
[WhiteElo "1571"]
[BlackElo "1703"]
[Opening "Vienna: `Frankenstein-Dracula' variation"]
[ECO "C27"]
[NIC "VG.02"]
[Time "07:49:56"]
[TimeControl "120+12"]

1. e4 e5 2. Nc3 Nf6 3. Bc4 Nxe4 4. Qh5 Nd6 5. Bb3 Nc6 6. Nb5 g6 7. Qf3 f5 8.
Qd5 Qe7 9. Nxc7+ Kd8 10. Nxa8 b6 11. d3 Bg7 12. Ba4 Bb7 13. Nxb6 axb6 14.
Qb3 Kc7 15. Be3 Nc8 16. Qb5 N6a7 17. Qc4+ Bc6 18. Bxc6 dxc6 19. Nf3 Re8 20.
Rd1 Nd6 21. Qa6 Nac8 22. Rf1 f4 23. Bd2 Nb7 24. Qa8 Ncd6 25. Qa6 Nb5 26. Qa4
Nc5 27. Qc4 Qe6 28. Qxe6 Rxe6 29. Ng5 Re7 30. Nxh7 Nd4 31. Rc1 Bh6 32. Nf6
Re6 33. Ng4 Bg7 34. b4 Nd7 35. c3 Nf5 36. a4 e4 37. Bxf4+ Kb7 38. d4 c5 39.
bxc5 bxc5 40. d5 Re8 41. Kd2 Ne5 42. Bxe5 Bxe5 43. Nxe5 Rxe5 44. Rb1+ Kc7
45. c4 e3+ 46. fxe3 Nxe3 47. Rf7+ Kc8 48. Rb5 Nxc4+ 49. Kc3 Nd6 50. Rxc5+
Kd8 51. Rg7 Ne8 52. Rxg6 Re3+ 53. Kd4 Re1 54. g4 Rd1+ 55. Ke4 Ra1 56. a5
Ra4+ 57. Ke5 Nc7 58. Rd6+ Kc8 59. Rdc6 Kd7 60. Rxc7+ Kd8 61. Rc8+ Kd7 62.
R5c7# {Black checkmated} 1-0

[Event "GambitGuide"]
[Site "Internet Chess Club"]
[Date "2014.10.31"]
[Round "1"]
[White "JSBach"]
[Black "Spidey"]
[Result "0-1"]
[ICCResult "White checkmated"]
[WhiteElo "1571"]
[BlackElo "1400"]
[Opening "Vienna: `Frankenstein-Dracula' variation"]
[ECO "C27"]
[NIC "VG.02"]
[Time "07:43:39"]
[TimeControl "120+12"]

1. e4 e5 2. Nc3 Nf6 3. Bc4 Nxe4 4. Qh5 Nd6 5. Bb3 Nc6 6. Nb5 g6 7. Qf3 f5 8.
Qd5 Qe7 9. Nxc7+ Kd8 10. Nxa8 b6 11. d3 Bb7 12. Nxb6 axb6 13. Qf3 Nd4 14.
Qg3 Bg7 15. Bg5 Bf6 16. Bxf6 Qxf6 17. Ba4 h5 18. c3 h4 19. Qh3 Ne6 20. Ne2
g5 21. Bb3 Nf4 22. Nxf4 exf4 23. Kf1 g4 24. Qe3 fxe3 25. h3 Ba6 26. Bc2 Ne4
27. fxe3 Ng3+ 28. Kg1 Qe5 29. Re1 Bb7 30. Rh2 Rg8 31. d4 Qd5 32. Bb3 Qe4 33.
Bxg8 gxh3 34. gxh3 f4 35. Bb3 fxe3 36. Bc2 Qf3 37. Bd1 Qf4 38. Rc2 Be4 39.
Rh2 Bf3 40. Bxf3 Qxf3 41. Rg2 e2 42. Kh2 Nf1+ 43. Kg1 Qe3+ 44. Kh1 Qxh3+ 45.
Kg1 Qe3+ 46. Kh1 h3 47. Rg8+ Kc7 48. Rxe2 Qxe2 49. Kg1 h2+ 50. Kh1 Qf2 51.
Rg2 Qf3 52. d5 Ne3 53. d6+ Kxd6 54. Kxh2 Qxg2# {White checkmated} 0-1

[Event "GambitGuide"]
[Site "Internet Chess Club"]
[Date "2014.10.31"]
[Round "1"]
[White "JSBach"]
[Black "almoehi"]
[Result "1-0"]
[ICCResult "Black resigns"]
[WhiteElo "1585"]
[BlackElo "1458"]
[Opening "Vienna: `Frankenstein-Dracula' variation"]
[ECO "C27"]
[NIC "VG.02"]
[Time "07:51:15"]
[TimeControl "120+12"]

1. e4 e5 2. Nc3 Nf6 3. Bc4 Nxe4 4. Qh5 Nd6 5. Bb3 Nc6 6. Nb5 g6 7. Qf3 f5 8.
Qd5 Qe7 9. Nxc7+ Kd8 10. Nxa8 b6 11. d3 e4 12. dxe4 Nxe4 13. Be3 h6 14. Rd1
Bg7 15. Qxc6 {Black resigns} 1-0

[Event "GambitGuide"]
[Site "Internet Chess Club"]
[Date "2014.10.31"]
[Round "1"]
[White "JSBach"]
[Black "Fifo25"]
[Result "0-1"]
[ICCResult "White checkmated"]
[WhiteElo "1585"]
[BlackElo "1509"]
[Opening "Vienna: `Frankenstein-Dracula' variation"]
[ECO "C27"]
[NIC "VG.02"]
[Time "07:44:03"]
[TimeControl "120+12"]

1. e4 e5 2. Nc3 Nf6 3. Bc4 Nxe4 4. Qh5 Nd6 5. Bb3 Nc6 6. Nb5 g6 7. Qf3 f5 8.
Qd5 Qe7 9. Nxc7+ Kd8 10. Nxa8 b6 11. d3 Bb7 12. Nxb6 axb6 13. Qf3 Nd4 14.
Qg3 f4 15. Qg4 N6f5 16. Ne2 Nxe2 17. Kxe2 Nd4+ 18. Ke1 g5 19. Bd2 h5 20. Qd1
Bxg2 21. Rg1 Nf3+ 22. Ke2 Nd4+ 23. Ke1 Nf3+ 24. Ke2 Nd4+ 25. Ke1 Bf3 26. Qb1
Bg4 27. Bd5 Qc5 28. c4 Bg7 29. b4 Qd6 30. a4 Re8 31. a5 e4 32. Kf1 Bh3+ 33.
Rg2 f3 34. Bxg5+ Bf6 35. Bxf6+ Qxf6 36. Bxe4 Bxg2+ 37. Ke1 b5 38. cxb5 Nxb5
39. Ra2 Nc3 40. Qc2 Nxa2 41. Qxa2 Qc3+ 42. Qd2 Qxd2+ 43. Kxd2 Kc7 44. b5 Re5
45. b6+ Kb8 46. a6 d5 47. Bg6 Re6 48. a7+ Kb7 49. Bxh5 Rxb6 50. Ke3 Kxa7 51.
h4 Rh6 52. Bf7 Rxh4 53. Bxd5 Kb6 54. d4 Bh1 55. Be4 Kc7 56. d5 Kd6 57. Kd4
Bg2 58. Ke3 Ke5 59. Bxf3 Bxf3 60. Kxf3 Kxd5 61. Kg3 Ra4 62. f4 Ke6 63. Kg4
Kf6 64. Kg3 Kf5 65. Kf3 Rxf4+ 66. Ke3 Rh4 67. Kd3 Ke5 68. Ke2 Kd4 69. Kf2
Rh3 70. Ke2 Ra3 71. Kf2 Ke4 72. Kg2 Kf4 73. Kh2 Kg4 74. Kg1 Ra2 75. Kf1 Kf3
76. Ke1 Rh2 77. Kd1 Ke3 78. Kc1 Kd3 79. Kb1 Kc3 80. Ka1 Kb3 81. Kb1 Rh1#
{White checkmated}
0-1

[Event "GambitGuide"]
[Site "Internet Chess Club"]
[Date "2014.10.31"]
[Round "1"]
[White "JSBach"]
[Black "almoehi"]
[Result "1-0"]
[ICCResult "Black resigns"]
[WhiteElo "1585"]
[BlackElo "1458"]
[Opening "Vienna: `Frankenstein-Dracula' variation"]
[ECO "C27"]
[NIC "VG.02"]
[Time "07:51:40"]
[TimeControl "120+12"]

1. e4 e5 2. Nc3 Nf6 3. Bc4 Nxe4 4. Qh5 Nd6 5. Bb3 Nc6 6. Nb5 g6 7. Qf3 f5 8.
Qd5 Qe7 9. Nxc7+ Kd8 10. Nxa8 b6 11. d3 e4 12. dxe4 Qxe4+ 13. Qxe4 fxe4 14.
Bg5+ Be7 15. Bxe7+ Kxe7 16. c3 Bb7 17. Nc7 {Black resigns} 1-0

[Event "GambitGuide"]
[Site "Internet Chess Club"]
[Date "2014.10.31"]
[Round "1"]
[White "JSBach"]
[Black "Dabulvm"]
[Result "1-0"]
[ICCResult "Black resigns"]
[WhiteElo "1585"]
[BlackElo "1703"]
[Opening "Vienna: `Frankenstein-Dracula' variation"]
[ECO "C27"]
[NIC "VG.02"]
[Time "07:51:33"]
[TimeControl "120+12"]

1. e4 e5 2. Nc3 Nf6 3. Bc4 Nxe4 4. Qh5 Nd6 5. Bb3 Nc6 6. Nb5 g6 7. Qf3 f5 8.
Qd5 Qe7 9. Nxc7+ Kd8 10. Nxa8 b6 11. d3 Bb7 12. Nxb6 axb6 13. Qf3 Bg7 14.
Be3 Kc7 15. Bd5 Nc8 16. c3 f4 17. Bc1 Qd6 18. Qe4 Nd8 19. Bxb7 Nxb7 20. d4
Re8 21. Bxf4 Qe6 22. dxe5 d5 23. exd6+ Nbxd6 24. Qxe6 Rxe6+ 25. Kd1 Kc6 26.
Ne2 Ne4 27. Rf1 Ne7 28. f3 Nc5 29. Nd4+ Bxd4 30. cxd4 Nd3 31. Bc1 Kd5 32.
Bg5 Nf5 33. Kc2 Nb4+ 34. Kc3 Nc6 35. Rae1 Nfxd4 36. Rxe6 Nxe6 37. Rd1+ Ned4
38. Bf6 Kc5 39. Bxd4+ Nxd4 40. b4+ Kd5 41. Rxd4+ Ke5 42. g4 {Black resigns}
1-0

[Event "GambitGuide"]
[Site "Internet Chess Club"]
[Date "2014.10.31"]
[Round "1"]
[White "JSBach"]
[Black "almoehi"]
[Result "1-0"]
[ICCResult "Black checkmated"]
[WhiteElo "1585"]
[BlackElo "1458"]
[Opening "Vienna: `Frankenstein-Dracula' variation"]
[ECO "C27"]
[NIC "VG.02"]
[Time "07:52:11"]
[TimeControl "120+12"]

1. e4 e5 2. Nc3 Nf6 3. Bc4 Nxe4 4. Qh5 Nd6 5. Bb3 Nc6 6. Nb5 g6 7. Qf3 f5 8.
Qd5 Qe7 9. Nxc7+ Kd8 10. Nxa8 b6 11. d3 e4 12. dxe4 Qxe4+ 13. Qxe4 Nxe4 14.
f3 Nc5 15. Bd5 Be7 16. Bf4 Re8 17. Bc7# {Black checkmated} 1-0

[Event "GambitGuide"]
[Site "Internet Chess Club"]
[Date "2014.10.31"]
[Round "1"]
[White "JSBach"]
[Black "DanielAra"]
[Result "0-1"]
[ICCResult "White checkmated"]
[WhiteElo "1585"]
[BlackElo "2057"]
[Opening "Vienna: `Frankenstein-Dracula' variation"]
[ECO "C27"]
[NIC "VG.02"]
[Time "07:49:40"]
[TimeControl "120+12"]

1. e4 e5 2. Nc3 Nf6 3. Bc4 Nxe4 4. Qh5 Nd6 5. Bb3 Nc6 6. Nb5 g6 7. Qf3 f5 8.
Qd5 Qe7 9. Nxc7+ Kd8 10. Nxa8 b6 11. d3 Bb7 12. Nxb6 axb6 13. Qf3 e4 14. Qe3
h5 15. Qxb6+ Kc8 16. Be3 f4 17. Bxf4 exd3+ 18. Be3 Bh6 19. cxd3 Nf5 20. Ne2
Nxe3 21. fxe3 Bxe3 22. Qb5 Qh4+ 23. g3 Qh3 24. Bf7 Qg2 25. Qd5 Qf2+ 26. Kd1
Nd4 27. Qc4+ Bc6 28. Re1 Nf3 29. Rh1 Qg2 30. Re1 Nxe1 31. Qa6+ Kc7 32. Qa5+
Kd6 33. Qxe1 Rf8 34. Qb4+ Kc7 35. Qxf8 Qf1+ 36. Kc2 Qxe2+ 37. Kc3 Qd2+ 38.
Kb3 Qxd3+ 39. Kb4 Bd2+ 40. Kc5 d6+ 41. Qxd6+ Qxd6+ 42. Kc4 Qf6 43. Kd3 Qxb2
44. Rg1 Qc3+ 45. Ke2 Qe3+ 46. Kd1 Ba4+ 47. Bb3 Bxb3+ 48. axb3 Qxg1+ 49. Kxd2
Qxh2+ 50. Kd1 Qxg3 51. Kd2 Qxb3 52. Ke2 Kd6 53. Kf2 Ke5 54. Ke1 Ke4 55. Kf2
Kf4 56. Kg1 Kf3 57. Kh1 Qc2 58. Kg1 Qg2# {White checkmated} 0-1

[Event "GambitGuide"]
[Site "Internet Chess Club"]
[Date "2014.10.31"]
[Round "1"]
[White "JSBach"]
[Black "Dabulvm"]
[Result "1-0"]
[ICCResult "Black resigns"]
[WhiteElo "1585"]
[BlackElo "1703"]
[Opening "Vienna: `Frankenstein-Dracula' variation"]
[ECO "C27"]
[NIC "VG.02"]
[Time "07:52:38"]
[TimeControl "120+12"]

1. e4 e5 2. Nc3 Nf6 3. Bc4 Nxe4 4. Qh5 Nd6 5. Bb3 Nc6 6. Nb5 g6 7. Qf3 f5 8.
Qd5 Qe7 9. Nxc7+ Kd8 10. Nxa8 b6 11. d3 Bb7 12. Nxb6 axb6 13. Qf3 Bg7 14.
Be3 Kc7 15. Bd5 Nd4 16. Bxd4 exd4+ 17. Ne2 Re8 18. Bxb7 Nxb7 19. Kf1 Nc5 20.
Re1 Qd6 21. Nf4 Rxe1+ 22. Kxe1 Qe5+ 23. Kf1 Kd6 24. Qa8 Bh6 25. Qb8+ Ke7 26.
Qxe5+ {Black resigns} 1-0

[Event "GambitGuide"]
[Site "Internet Chess Club"]
[Date "2014.10.31"]
[Round "1"]
[White "JSBach"]
[Black "Dabulvm"]
[Result "1-0"]
[ICCResult "Black resigns"]
[WhiteElo "1597"]
[BlackElo "1703"]
[Opening "Vienna: `Frankenstein-Dracula' variation"]
[ECO "C27"]
[NIC "VG.02"]
[Time "07:53:18"]
[TimeControl "120+12"]

1. e4 e5 2. Nc3 Nf6 3. Bc4 Nxe4 4. Qh5 Nd6 5. Bb3 Nc6 6. Nb5 g6 7. Qf3 f5 8.
Qd5 Qe7 9. Nxc7+ Kd8 10. Nxa8 b6 11. d3 Bb7 12. Nxb6 axb6 13. Qf3 Bg7 14.
Qg3 Kc7 15. Bg5 Qe8 16. Nf3 h6 17. Bd2 f4 18. Qg4 g5 19. Rc1 Nd4 20. Nxd4
exd4+ 21. Kf1 Qg6 22. Bxf4 Rf8 23. Bd2 Nf5 24. Rb1 Ne3+ 25. Bxe3 dxe3 26.
Qg3+ Kc8 27. Qxe3 Qf6 28. c4 Bc6 29. Re1 Qxb2 30. Qxb6 Bd4 31. Qa6+ Kc7 32.
Qa5+ Kc8 33. Qa6+ Kc7 34. Qa5+ Kc8 35. Qa6+ Kc7 36. Qa5+ Kb8 37. Qb4+ Kc7
38. Qxf8 Qc3 39. Qf5 Qd2 40. Rb1 Qxf2+ 41. Qxf2 Bxf2 42. Kxf2 {Black
resigns} 1-0

[Event "GambitGuide"]
[Site "Internet Chess Club"]
[Date "2014.10.31"]
[Round "1"]
[White "JSBach"]
[Black "Dabulvm"]
[Result "1-0"]
[ICCResult "Black resigns"]
[WhiteElo "1597"]
[BlackElo "1703"]
[Opening "Vienna: `Frankenstein-Dracula' variation"]
[ECO "C27"]
[NIC "VG.02"]
[Time "07:54:23"]
[TimeControl "120+12"]

1. e4 e5 2. Nc3 Nf6 3. Bc4 Nxe4 4. Qh5 Nd6 5. Bb3 Nc6 6. Nb5 g6 7. Qf3 f5 8.
Qd5 Qe7 9. Nxc7+ Kd8 10. Nxa8 b6 11. d3 Bb7 12. Nxb6 axb6 13. Qf3 Bg7 14.
Qg3 Kc7 15. Bg5 Qe8 16. Nf3 h6 17. Bd2 f4 18. Qg4 g5 19. Rd1 Qg6 20. h4 Re8
21. hxg5 h5 22. Qxh5 Qxh5 23. Rxh5 Nf5 24. Bd5 Nce7 25. Bxb7 Kxb7 26. Ke2
Ng6 27. Rdh1 Re7 28. Bb4 d6 29. a4 Kc6 30. Rh7 Bf8 31. Rxe7 Bxe7 32. c4 e4
33. dxe4 Nd4+ 34. Nxd4+ {Black resigns} 1-0

[Event "GambitGuide"]
[Site "Internet Chess Club"]
[Date "2014.10.31"]
[Round "1"]
[White "JSBach"]
[Black "snapper"]
[Result "1-0"]
[ICCResult "Black resigns"]
[WhiteElo "1576"]
[BlackElo "1504"]
[Opening "Vienna: `Frankenstein-Dracula' variation"]
[ECO "C27"]
[NIC "VG.02"]
[Time "07:52:19"]
[TimeControl "120+12"]

1. e4 e5 2. Nc3 Nf6 3. Bc4 Nxe4 4. Qh5 Nd6 5. Bb3 Nc6 6. Nb5 g6 7. Qf3 f5 8.
Qd5 Qe7 9. Nxc7+ Kd8 10. Nxa8 b6 11. d3 Bg7 12. Nh3 h6 13. Ba4 Bb7 14. Nxb6
axb6 15. Qb3 e4 16. Be3 exd3 17. Qxb6+ Kc8 18. Nf4 Nd4 19. Nxg6 Qe5 20. Nxe5
{Black resigns}
1-0

[Event "GambitGuide"]
[Site "Internet Chess Club"]
[Date "2014.10.31"]
[Round "1"]
[White "JSBach"]
[Black "Balano"]
[Result "0-1"]
[ICCResult "White checkmated"]
[WhiteElo "1576"]
[BlackElo "1299"]
[Opening "Vienna: `Frankenstein-Dracula' variation"]
[ECO "C27"]
[NIC "VG.02"]
[Time "07:49:06"]
[TimeControl "120+12"]

1. e4 e5 2. Nc3 Nf6 3. Bc4 Nxe4 4. Qh5 Nd6 5. Bb3 Nc6 6. Nb5 g6 7. Qf3 f5 8.
Qd5 Qe7 9. Nxc7+ Kd8 10. Nxa8 b6 11. d3 Nb4 12. Bg5 Nxd5 13. Bxe7+ Nxe7 14.
d4 Bb7 15. dxe5 Ne4 16. f3 Nc5 17. Nxb6 axb6 18. Kd2 Nc6 19. Re1 Bg7 20. Bc4
Nxe5 21. Bb5 Nc6 22. Kc1 Re8 23. Ne2 Ba6 24. Bxa6 Nxa6 25. g3 Nab4 26. a3
Nd5 27. h3 Re3 28. c4 Nc7 29. a4 Rxf3 30. g4 Rb3 31. gxf5 Nb4 32. Kd1 Rxb2
33. fxg6 hxg6 34. Reg1 Ne6 35. Rxg6 Rb1+ 36. Nc1 Bb2 37. Kd2 Nc5 38. Rxb6
Na2 39. Nxa2 Rxh1 40. Rb8+ Kc7 41. Rb4 Rh2+ 42. Kd1 Nd3 43. Rb3 Nf2+ 44. Kd2
Be5 45. Nb4 Rxh3 46. Nd5+ Kd6 47. Rxh3 Nxh3 48. Ke3 Ng5 49. a5 Ne6 50. a6
Nc7 51. Nxc7 Kxc7 52. Ke4 Bc3 53. Kd3 Bb4 54. Kc2 d6 55. a7 Kb7 56. Kb3 Bc5
57. Kc3 Kxa7 58. Kd3 Ka6 59. Ke4 Ka5 60. Kd5 Kb4 61. Ke4 Kxc4 62. Kf5 Kd3
63. Ke6 Ba3 64. Kd5 Bc5 65. Ke6 Kd4 66. Kf6 Ba3 67. Kf5 d5 68. Kg4 Ke3 69.
Kf5 d4 70. Ke6 d3 71. Ke5 d2 72. Kf5 d1=Q 73. Ke6 Qh5 74. Kf6 Ke4 75. Kg7
Kf5 76. Kg8 Bc1 77. Kf8 Ke6 78. Kg7 Qh6+ 79. Kg8 Qg6+ 80. Kf8 Qf7#
{White checkmated}
0-1

[Event "GambitGuide"]
[Site "Internet Chess Club"]
[Date "2014.10.31"]
[Round "1"]
[White "JSBach"]
[Black "Grand-Galop"]
[Result "1-0"]
[ICCResult "Black resigns"]
[WhiteElo "1576"]
[BlackElo "1364"]
[Opening "Vienna: `Frankenstein-Dracula' variation"]
[ECO "C27"]
[NIC "VG.02"]
[Time "07:50:59"]
[TimeControl "120+12"]

1. e4 e5 2. Nc3 Nf6 3. Bc4 Nxe4 4. Qh5 Nd6 5. Bb3 Nc6 6. Nb5 g6 7. Qf3 f5 8.
Qd5 Qe7 9. Nxc7+ Kd8 10. Nxa8 b6 11. d3 e4 12. dxe4 Qxe4+ 13. Qxe4 Nxe4 14.
f3 Nc5 15. Bd5 Bb7 16. Bg5+ Be7 17. Bxc6 Bxc6 18. Bxe7+ Kxe7 19. b4 Ne6 20.
Nxb6 axb6 21. Rc1 Bd5 22. a4 Nc7 23. a5 b5 24. Kf2 Bc4 25. Re1+ Kd6 26. h4
Ne8 27. h5 Nf6 28. hxg6 h5 29. a6 Ra8 30. Ra1 Kc6 31. Ne2 Bxe2 32. Kxe2 Kb6
33. Rhd1 d5 34. g7 Rxa6 35. Rxa6+ Kxa6 36. Rxd5 Kb6 37. Rd6+ {Black resigns}
1-0